 Dungeon Crawl Stone Soup version 0.18-a0-1211-g828307d (webtiles) character file.

25 ololoev the Firebug (level 2, 6/15 HPs)
             Began as a Deep Elf Fire Elementalist on Feb 2, 2016.
             Quit the game on level 2 of the Dungeon.
             The game lasted 00:02:09 (294 turns).

ololoev the Firebug (Deep Elf Fire Elementalist)     Turns: 294, Time: 00:02:09

Health: 6/15       AC:  4    Str:  5    XL:     2   Next: 86%
Magic:  1/8        EV: 13    Int: 19    God:
Gold:   62         SH:  0    Dex: 15    Spells: 1 memorised, 6 levels left

rFire  . . .     SeeInvis .     (no weapon)
rCold  . . .     Gourm    .     a - +0 robe
rNeg   . . .     Faith    .     (no shield)
rPois  .         Spirit   .     (no helmet)
rElec  .         Dismiss  .     g - +1 cloak
rCorr  .         Reflect  .     (no gloves)
SustAt .         Harm     .     (no boots)
MR     .....                    (no amulet)
Stlth  ++........               (no ring)
                                (no ring)

@: lethally poisoned (6 -> -12), not resistant to hostile enchantments,
unstealthy
A: no striking features
a: no special abilities

Inventory:

Armour
 a - a +0 robe (worn)
 g - a +1 cloak (worn)
Scrolls
 d - 3 scrolls of identify {unknown}
 e - a scroll of fear {unknown}
 f - a scroll of teleportation {unknown}
 i - a scroll of remove curse {unknown}
Books
 b - a book of Flames

   Spells                             Type                      Level
   a - Flame Tongue                   Conjuration/Fire             1
   b - Throw Flame                    Conjuration/Fire             2
   c - Conjure Flame                  Conjuration/Fire             3
   d - Inner Flame                    Hexes/Fire                   3
   e - Sticky Flame                   Conjuration/Fire             4
   f - Fireball                       Conjuration/Fire             5
Comestibles
 c - a bread ration


   Skills:
 - Level 2.4 Dodging
 - Level 2.4 Stealth
 + Level 3.2 Spellcasting
 * Level 2.5 Conjurations
 + Level 3.6 Fire Magic


You had 6 spell levels left.
You knew the following spells:

 Your Spells              Type           Power        Failure   Level  Hunger
a - Flame Tongue          Conj/Fire      ##...        6%          1    None


You were on level 2 of the Dungeon.
You were not hungry.

You visited 1 branch of the dungeon, and saw 2 of its levels.

You collected 62 gold pieces.

# #. .# ....
#####.######
...........#
####..####S# #.#
#@# #.# #.# #
#.#####.######
#.#.
##....#.........
##.#.
#........#######
...... #.#...#..#
...... #.##.##..#
......##.##.##..#
.........##.##..#

Notes
Turn   | Place    | Note
--------------------------------------------------------------
     0 | D:1      | ololoev the Deep Elf Fire Elementalist began the quest for the Orb.
     0 | D:1      | Reached XP level 1. HP: 10/10 MP: 6/6
   108 | D:1      | Reached XP level 2. HP: 15/15 MP: 0/8
   294 | D:2      | Quit the game

Dungeon Overview and Level Annotations

Branches:
Dungeon (2/15)

Altars:


Message History

An adder comes into view.
Casting: Flame Tongue
Confirm with . or Enter, or press ? or * to list all spells.
Aiming: Flame Tongue
Press: ? - help, Shift-Dir - straight line, f - adder
Aim: an adder (resting)
The flame tongue hits the adder.
The adder appears unharmed.
Casting: Flame Tongue
Confirm with . or Enter, or press ? or * to list all spells.
Aiming: Flame Tongue
Press: ? - help, Shift-Dir - straight line, f/p - adder
Aim: an adder The flame tongue misses the adder.
The adder misses you.
Casting: Flame Tongue
Confirm with . or Enter, or press ? or * to list all spells.
Aiming: Flame Tongue
Press: ? - help, Shift-Dir - straight line, f/p - adder
Aim: an adder The flame tongue misses the adder.
The adder bites you.
Casting: Flame Tongue
Confirm with . or Enter, or press ? or * to list all spells.
Aiming: Flame Tongue
Press: ? - help, Shift-Dir - straight line, f/p - adder
Aim: an adder The flame tongue misses the adder.
The adder closely misses you. The adder bites you.
You are poisoned.
The adder poisons you!
You feel sick.
Casting: Flame Tongue
Confirm with . or Enter, or press ? or * to list all spells.
You don't have enough magic to cast that spell.
Unknown command.
Drink which item? (? for menu, Esc to quit)
It was a potion of poison.
That liquid tasted very nasty...
You are lethally poisoned!
You feel sick. The adder closely misses you.
You feel sick. The adder closely misses you.
Are you sure you want to abandon this character and quit the game? (Confirm with "yes".)

You could see an adder.

Vanquished Creatures
  An adder (D:2)
  A giant gecko (D:2)
  2 goblins (D:1)
  3 hobgoblins
  A kobold (D:1)
  3 bats
  A giant newt (D:1)
  3 rats (D:1)
15 creatures vanquished.

Vanquished Creatures (others)
  A kobold (D:1)
1 creature vanquished.

Grand Total: 16 creatures vanquished

Action                   || total
-------------------------++-------
 Cast: Flame Tongue      ||    35
  Use: Potion            ||     1

Vault maps used:
D:1:      dpeg_arrival_round_b, minmay_door_square, lemuel_flame_loot_1
D:2:      first_bread
